 Dungeon Crawl Stone Soup version 0.26-a0-52-gd53d4cd058 (webtiles) character file.

Game seed: 13021395925502563798

91 Derenoc the Slasher (level 4, -1/37 HPs)
             Began as a Human Berserker on June 5, 2020.
             Was a Believer of Trog.
             Slain by a worm (9 damage)
             ... on level 2 of the Dungeon.
             The game lasted 00:10:20 (1899 turns).

Derenoc the Slasher (Human Berserker)               Turns: 1899, Time: 00:10:21

Health: -1/37      AC:  3    Str: 19    XL:     4   Next: 88%
Magic:  4/4        EV: 12    Int:  7    God:    Trog [**....]
Gold:   46         SH:  0    Dex: 12    Spells: 3/3 levels left

rFire    . . .     SeeInvis .   a - +1 falchion
rCold    . . .     Gourm    .   (no shield)
rNeg     . . .     Faith    .   b - +0 animal skin
rPois    .         Spirit   .   e - +0 helmet
rElec    .         Reflect  .   (no cloak)
rCorr    .         Harm     .   (no gloves)
MR       .....                  (no boots)
Stlth    +.........             (no amulet)
HPRegen  0.12/turn              (no ring)
MPRegen  0.09/turn              (no ring)

@: no status effects
A: no striking features
a: Berserk, Trog's Hand, Renounce Religion


You were on level 2 of the Dungeon.
You worshipped Trog.
Trog was pleased with you.
You were not hungry.

You visited 1 branch of the dungeon, and saw 2 of its levels.

You collected 46 gold pieces.

Inventory:

Hand Weapons
 a - a +1 falchion (weapon)
Armour
 b - a +0 animal skin (worn)
 e - a +0 helmet (worn)
Scrolls
 d - 2 scrolls of identify
Potions
 f - a potion of stabbing {unknown}
Comestibles
 c - 3 rations
 g - 10 chunks of flesh


   Skills:
 + Level 4.0 Fighting
 + Level 4.3 Long Blades
 + Level 2.2 Armour
 - Level 2.0 Dodging


You had 3 spell levels left.
You didn't know any spells.
Your spell library was empty.

Dungeon Overview and Level Annotations

Branches:
Dungeon (2/15)

Altars:
Nemelex Xobeh


Message History

Items here: ) [ †† a +0 whip; a +0 ring mail; an orc corpse; a jackal corpse Butcher an orc corpse? [(y)es/(n)o/(a)ll/(q)uit/?]
You butcher the orc corpse.
You butcher the jackal corpse.
Items here: %% ) [ ÷÷ You see here a jackal corpse.
There are no objects that can be picked up here. a jackal corpse You see here a +0 club.
g - 8 chunks of flesh (gained 2);
g - 10 chunks of flesh (gained 2)
Items here: ) [ ÷÷ a +0 whip; a +0 ring mail; an orc skeleton; a jackal skeleton You see here a +0 club.
The worm bites you!
* * * LOW HITPOINT WARNING * * *
You slash the worm!
The worm is heavily wounded.
The worm bites you!
You die...

# #.#. #... #.
####♣ #.. .....
#.. ####♣ #...
##...##########
.........†w@..#
####...)###.#
.... #.P♣...#.#
.....
#..P♣..P.#......
##)P.PP♣.'#......
#.....♣..........
#...÷÷♣♣PPP.....#
#.....PP♣.P......
######...♣P.....#


You could see a worm.

Vanquished Creatures
  An orc priest (D:2)
  2 adders (D:2)
  A worm (D:2)
  A leopard gecko (D:1)
  An orc (D:2)
  A ball python (D:2)
  6 bats
  A giant cockroach (D:1)
  5 goblins
  2 hobgoblins (D:2)
  4 jackals (D:2)
  7 kobolds
  A quokka (D:2)
  4 frilled lizards
  2 rats (D:1)
39 creatures vanquished.

Notes
Turn   | Place    | Note
-------+----------+-------------------------------------------
     0 | D:1      | Derenoc the Human Berserker began the quest for the Orb.
     0 | D:1      | Reached XP level 1. HP: 18/18 MP: 1/1
   289 | D:1      | Reached XP level 2. HP: 23/24 MP: 2/2
  1140 | D:2      | Reached XP level 3. HP: 22/29 MP: 3/3
  1434 | D:2      | Reached ** piety under Trog
  1761 | D:2      | Reached XP level 4. HP: 37/37 MP: 4/4
  1772 | D:2      | Found a sparkling altar of Nemelex Xobeh.
  1899 | D:2      | Slain by a worm

Illustrated notes

Levels and vault maps discovered:
D:1:      roderic_octagonal_star, layout_basic
D:2:      layout_basic, serial_forest, infiniplex_forest_end_2,
          infiniplex_forest_lined_4_way, infiniplex_forest_corner_1,
          infiniplex_forest_clump_diagonal, infiniplex_forest_end_1,
          infiniplex_forest_lined_4_way, infiniplex_forest_clump_double,
          infiniplex_forest_lined_corner, infiniplex_forest_side_room,
          nemelex_diamond_rough_becter

Skill      XL: |  1  2  3  4 |
---------------+-------------+-----
Fighting       | 4 |  4.0
Long Blades    | 4 |  4.3
Armour         | |  2.2
Dodging        | |  2.0

Action                   |  1- 3 |  4- 6 || total
-------------------------+-------+-------++-------
Melee: Falchion          |    67 |    44 ||   111
  Use: Scroll            |     4 |       ||     4
       Potion            |     1 |       ||     1
 Stab: Sleeping          |     1 |       ||     1
  Eat: Ration            |     1 |       ||     1
Armor: Animal skin       |    21 |     8 ||    29
Dodge: Dodged            |    47 |    26 ||    73
       Rpst.: Falchion   |    13 |     9 ||    22

Table legend:
 A = Non-vault XP
 B = Vault XP
 C = Vault XP percentage of total XP
 D = Non-vault monster count
 E = Vault monster count
 F = Vault count percentage of total count
                 A         B        C        D         E       F
            +---------+---------+-------+---------+---------+-------
      Total |     131 |       0 |   0.0 |      39 |       0 |   0.0
            +---------+---------+-------+---------+---------+-------
        D:1 |      25 |       0 |   0.0 |      16 |       0 |   0.0
        D:2 |     106 |       0 |   0.0 |      23 |       0 |   0.0
            +---------+---------+-------+---------+---------+-------
